 Dungeon Crawl Stone Soup version 0.21.1-1-g345015f (webtiles) character file.

28 VLARC the Vandal (level 3, 0/24 HPs)
             Began as a Halfling Hunter on Mar 21, 2018.
             Slain by Crazy Yiuf
             ... wielding a +3 quarterstaff of chaos
              (5 damage)
             ... on level 2 of the Dungeon.
             The game lasted 00:01:53 (1766 turns).

VLARC the Vandal (Halfling Hunter)                  Turns: 1766, Time: 00:01:55

Health: 0/24       AC:  3    Str: 14    XL:     3   Next: 30%
Magic:  3/3        EV: 14    Int:  9    God:
Gold:   82         SH:  0    Dex: 14    Spells: 2/2 levels left

rFire    . . .     SeeInvis .   b - +0 short sword
rCold    . . .     Gourm    .   (shield restricted)
rNeg     . . .     Faith    .   c - +0 leather armour
rPois    .         Spirit   .   (no helmet)
rElec    .         Reflect  .   (no cloak)
rCorr    .         Harm     .   (no gloves)
MR       .....                  (no boots)
Stlth    +.........             (no amulet)
HPRegen  0.08/turn              (no ring)
MPRegen  0.08/turn              (no ring)

@: no status effects
A: small, mutation resistance 1
a: no special abilities


You were on level 2 of the Dungeon.
You were not hungry.

You visited 1 branch of the dungeon, and saw 3 of its levels.

You collected 82 gold pieces.

Inventory:

Hand Weapons
 a - a +1 hunting sling
 b - a +0 short sword (weapon)
Missiles
 d - 20 sling bullets
 h - 76 stones (quivered)
 p - 14 poisoned needles
Armour
 c - a +0 leather armour (worn)
 e - a +0 cloak
Jewellery
 o - an uncursed ring of protection from fire {unknown}
Scrolls
 g - a scroll of immolation {unknown}
 i - 2 scrolls of remove curse {unknown}
 j - a scroll of teleportation {unknown}
 k - 2 scrolls of identify {unknown}
 l - a scroll of amnesia {unknown}
 m - a scroll of fear {unknown}
Potions
 n - a potion of curing {unknown}
Comestibles
 f - 3 rations


   Skills:
 - Level 1.7 Fighting
 + Level 3.3 Short Blades
 - Level 5.8 Slings
 - Level 2.1 Dodging
 - Level 1.1 Stealth


You had 2 spell levels left.
You didn't know any spells.

Dungeon Overview and Level Annotations

Branches:
Dungeon (3/15)

Altars:
Ashenzari
Elyvilon

Annotations:
D:2 Crazy Yiuf


Innate Abilities, Weirdness & Mutations

You are small and have problems with some larger weapons.
You are somewhat resistant to further mutation.


Message History

The fungus is almost destroyed.
You hit the fungus.
You destroy the fungus!
You eat one of the 4 rations.
That ration really hit the spot!
Found a runed door.
You open the door.
Crazy Yiuf the Enlightened comes into view.
He is wielding a quarterstaff of chaos.
Found a mace.
There is an open door here.
Crazy Yiuf shouts!
You hit Crazy Yiuf but do no damage.
Crazy Yiuf hits you with a quarterstaff of chaos.
Crazy Yiuf burns you.
You hit Crazy Yiuf.
Crazy Yiuf is lightly wounded.
Crazy Yiuf hits you with a quarterstaff of chaos!
Ouch! That really hurt!
* * * LOW HITPOINT WARNING * * *
Crazy Yiuf burns you.
You die...

### ##.##### #.......
##.##### ####♣♣ #####
######.##### ##...P♣♣
♣♣#..)# #...........
#....PP♣♣♣♣.'@g.#
####....###.
#....P♣.♣..♣#...#
#.##.# #.
#.#....♣.♣♣♣#####
#.##.# ## #.###♣♣♣♣♣
##.##.## #.#
###......### #.#
##########...........
#.#
#.##.#.##.##......###
#.#
#.##.#.##.###.##.....
#.# #.##.#.##.#
#.##.####


You could see Crazy Yiuf.

Vanquished Creatures
  2 leopard geckos
  A giant cockroach (D:2)
  3 goblins
  A hobgoblin (D:2)
  4 jackals (D:1)
  A ball python (D:2)
  4 bats (D:1)
  6 frilled lizards (D:1)
  5 rats
  A fungus (D:2)
28 creatures vanquished.

Notes
Turn   | Place    | Note
-------+----------+-------------------------------------------
     0 | D:1      | VLARC the Halfling Hunter began the quest for the Orb.
     0 | D:1      | Reached XP level 1. HP: 14/14 MP: 1/1
    46 | D:1      | Reached skill level 1 in Short Blades
   181 | D:1      | Reached XP level 2. HP: 15/19 MP: 2/2
   943 | D:1      | Reached XP level 3. HP: 20/24 MP: 3/3
  1266 | D:2      | Found a shattered altar of Ashenzari.
  1307 | D:2      | You fall through a shaft!
  1319 | D:3      | Found a white marble altar of Elyvilon.
  1758 | D:2      | Found a runed door.
  1762 | D:2      | Noticed Crazy Yiuf
  1766 | D:2      | Slain by Crazy Yiuf

Skill      XL: |  1  2  3 |
---------------+----------+-----
Short Blades   | 1 2 3 |  3.3
Fighting       | |  1.7
Slings         | |  5.8
Dodging        | |  2.1
Stealth        | |  1.1

Action                   || total
-------------------------++-------
Melee: Short sword       ||   117
 Fire: Hunting sling     ||     1
 Stab: Sleeping          ||     1
  Eat: Ration            ||     1
       Chunk             ||     1
Armor: Leather armour    ||    22
Dodge: Dodged            ||    87
